 Dungeon Crawl Stone Soup version 0.19.1-1-g22dce08 (webtiles) character file.

185 Alarkh the Chopper (level 5, 18/41 HPs)
             Began as a Demonspawn Monk on Jan 12, 2017.
             Quit the game on level 3 of the Dungeon.
             The game lasted 00:02:22 (2237 turns).

Alarkh the Chopper (Demonspawn Monk)                Turns: 2237, Time: 00:02:23

Health: 18/41      AC:  6    Str: 16    XL:     5   Next: 37%
Magic:  5/5        EV: 13    Int: 12    God:
Gold:   65         SH:  0    Dex: 16    Spells: 0 memorised, 4 levels left

rFire  + . .     SeeInvis .     a - +0 hand axe
rCold  . . .     Gourm    .     b - +2 robe
rNeg   . . .     Faith    .     (no shield)
rPois  .         Spirit   .     (no helmet)
rElec  .         Reflect  .     (no cloak)
rCorr  .         Harm     .     (no gloves)
MR     .....                    (no boots)
Stlth  +++.......               (no amulet)
                                (no ring)
                                g - ring of protection from fire

@: mighty
A: talons 1, slimy green scales 1, nightstalker 1
a: no special abilities


You were on level 3 of the Dungeon.
You were not hungry.

You visited 1 branch of the dungeon, and saw 3 of its levels.

You collected 65 gold pieces.

Inventory:

Hand Weapons
 a - a +0 hand axe (weapon)
Missiles
 h - 2 throwing nets (quivered)
Armour
 b - a +2 robe (worn)
Jewellery
 g - a ring of protection from fire (left hand)
Scrolls
 d - a scroll of random uselessness {unknown}
 e - 2 scrolls of identify {unknown}
Comestibles
 c - a bread ration
 f - a beef jerky
 i - 4 chunks of flesh
 l - a meat ration


   Skills:
 - Level 3.0 Fighting
 + Level 5.6 Axes
 - Level 2.6 Dodging
 - Level 1.7 Stealth


You had 4 spell levels left.
You didn't know any spells.

Dungeon Overview and Level Annotations

Branches:
Dungeon (3/15)

Altars:
Uskayaw

Annotations:
D:2 Terence


Innate Abilities, Weirdness & Mutations

You have sharp toenails.
You are partially covered in slimy green scales. (AC +2)
You are slightly more attuned to the shadows.


Message History

Terep12's ghost is heavily damaged.
Terep12's ghost hits you.
You hit terep12's ghost.
Terep12's ghost is severely damaged.
Terep12's ghost barely misses you.
You barely miss terep12's ghost.
Terep12's ghost is severely damaged.
Terep12's ghost closely misses you.
You hit terep12's ghost.
Terep12's ghost is almost destroyed.
Terep12's ghost misses you.
You hit terep12's ghost.
You destroy terep12's ghost!
Your Axes skill increases to level 5!
You have reached level 5!
Your demonic ancestry asserts itself...
Your toenails lengthen and sharpen.
You see here a club.
There is a stone staircase leading up here.
Are you sure you want to abandon this character and quit the game? (Confirm with "yes".)

######.รท.####
..............
.#####...#####
#####)..#
#.......#
#.###...#
#...# #.###
#@# #.# #.#
#.# ..# ###


There were no monsters in sight!

Vanquished Creatures
  The ghost of terep12 the Slasher, an amateur GrBe of Trog (D:3)
  2 adders
  A dart slug (D:1)
  3 ball pythons
  2 giant cockroaches (D:2)
  6 goblins
  6 hobgoblins
  8 jackals (D:2)
  5 kobolds
  A quokka (D:2)
  6 bats
  2 frilled lizards (D:2)
  5 rats
48 creatures vanquished.

Notes
Turn   | Place    | Note
-------+----------+-------------------------------------------
     0 | D:1      | Alarkh the Demonspawn Monk began the quest for the Orb.
     0 | D:1      | Reached XP level 1. HP: 18/18 MP: 1/1
   112 | D:1      | Reached skill level 3 in Axes
   236 | D:1      | Gained mutation: You are partially covered in slimy green scales. (AC +2) [demonic ancestry]
   236 | D:1      | Reached XP level 2. HP: 21/24 MP: 2/2
   706 | D:2      | Noticed a hand axe
   706 | D:2      | Noticed a hand axe
   721 | D:2      | Gained mutation: You are slightly more attuned to the shadows. [demonic ancestry]
   721 | D:2      | Reached XP level 3. HP: 24/29 MP: 3/3
   965 | D:2      | Reached skill level 4 in Axes
  1313 | D:2      | Noticed Terence
  1855 | D:2      | Found a hide-covered altar of Uskayaw.
  2076 | D:3      | Reached XP level 4. HP: 19/35 MP: 4/4
  2217 | D:3      | Noticed terep12's ghost (amateur GrBe)
  2230 | D:3      | Killed terep12's ghost
  2230 | D:3      | Reached skill level 5 in Axes
  2230 | D:3      | Gained mutation: You have sharp toenails. [demonic ancestry]
  2230 | D:3      | Reached XP level 5. HP: 17/41 MP: 5/5
  2237 | D:3      | Quit the game

Skill      XL: |  1  2  3  4 |
---------------+-------------+-----
Axes           | 3 4 5 |  5.6
Fighting       | |  3.0
Dodging        | |  2.6
Stealth        | |  1.7

Action                   |  1- 3 |  4- 6 || total
-------------------------+-------+-------++-------
Melee: Hand axe          |   161 |     8 ||   169
  Use: Potion            |     3 |     2 ||     5
       Scroll            |     5 |       ||     5
 Stab: Sleeping          |    11 |       ||    11
       Distracted        |     1 |       ||     1
  Eat: Chunk             |     3 |     1 ||     4
Armor: Robe              |    54 |       ||    54
       Skin              |    25 |       ||    25
Dodge: Dodged            |   132 |     4 ||   136
